A+ CENTRAL
QUAD CITIES RIVER BANDITS @ WISCONSIN TIMBER RATTLERS
07/11/2041
 
TOP OF THE 1ST
Quad Cities River Bandits batting - Pitching for Wisconsin Timber Rattlers : RHP Al Martin
Pitching: RHP Al Martin
Batting: SHB Joe Pritchard 0-0: Swinging Strike
0-1: Foul Ball, location: 2RF
0-2: Ball
1-2: Strikes out looking
Batting: RHB Kurt Harvey 0-0: Ball
1-0: Ball
2-0: Ball
3-0: Called Strike
3-1: Base on Balls
Batting: RHB Joe Gregory 0-0: Ball
1-0: Foul Ball, location: 9LSF
1-1: Called Strike
1-2: Fly out, F8 (Flyball, 8RD, EV 105.0 MPH)
Batting: LHB Joe Barber 0-0: Fly out, F7 (Flyball, 7LS, EV 76.9 MPH)
Top of the 1st over - 0 runs, 0 hits, 0 errors, 1 left on base; Quad Cities 0 - Wisconsin 0
BOTTOM OF THE 1ST
Wisconsin Timber Rattlers batting - Pitching for Quad Cities River Bandits : RHP Dave Austin
Pitching: RHP Dave Austin
Batting: LHB Pat Hicks 0-0: Ball
1-0: Foul Ball, location: 3DF
1-1: Foul Ball, location: 5FF
1-2: Strikes out looking
Batting: RHB Joe Chandler 0-0: Called Strike
0-1: TRIPLE (Flyball, 89XD, EV 93.1 MPH)
Batting: SHB Dylan Miles 0-0: Ball
1-0: Called Strike
1-1: Ball
2-1: Ball
3-1: Base on Balls
Batting: RHB Albert Palácios 0-0: Called Strike
0-1: Called Strike
Dylan Miles steals 2nd base
0-2: Foul Ball, location: 9LMF
0-2: Strikes out swinging
Batting: RHB Steve Ferrell 0-0: Called Strike
0-1: Ball
1-1: Ground out 6-3 (Groundball, 6, EV 105.6 MPH)
Bottom of the 1st over - 0 runs, 1 hit, 0 errors, 2 left on base; Quad Cities 0 - Wisconsin 0
TOP OF THE 2ND
Quad Cities River Bandits batting - Pitching for Wisconsin Timber Rattlers : RHP Al Martin
Batting: RHB Cisco Gómez 0-0: SOLO HOME RUN (Flyball, 7D, EV 98.1 MPH), Distance : 390 ft
Batting: RHB Jesús Correa 0-0: Ball
1-0: Swinging Strike
1-1: Ball
2-1: Ball
3-1: Fly out, F7 (Flyball, 7S, EV 89.4 MPH)
Batting: RHB Raúl Van Eaton 0-0: Ball
1-0: Called Strike
1-1: Foul Ball, location: 5FF
1-2: Strikes out looking
Batting: LHB Kevin Gray 0-0: Foul Ball, location: 2F
0-1: Swinging Strike
0-2: Strikes out swinging
Top of the 2nd over - 1 run, 1 hit, 0 errors, 0 left on base; Quad Cities 1 - Wisconsin 0
BOTTOM OF THE 2ND
Wisconsin Timber Rattlers batting - Pitching for Quad Cities River Bandits : RHP Dave Austin
Batting: RHB Steve Ervin 0-0: SOLO HOME RUN (Flyball, 9D, EV 99.4 MPH), Distance : 393 ft
Batting: RHB Jedd Clayton 0-0: Ball
1-0: Called Strike
1-1: Ball
2-1: Foul Ball, location: 2F
2-2: Foul Ball, location: 2F
2-2: Foul Ball, location: 2F
2-2: Strikes out swinging
Batting: RHB Dani Montoya 0-0: Ball
1-0: Swinging Strike
1-1: Called Strike
1-2: Strikes out swinging
Batting: RHB Jeremy Taylor 0-0: Ball
1-0: Foul Ball, location: 5F
1-1: Called Strike
1-2: Strikes out swinging
Bottom of the 2nd over - 1 run, 1 hit, 0 errors, 0 left on base; Quad Cities 1 - Wisconsin 1
TOP OF THE 3RD
Quad Cities River Bandits batting - Pitching for Wisconsin Timber Rattlers : RHP Al Martin
Batting: RHB José Mendoza 0-0: Ball
1-0: Ball
2-0: Ball
3-0: Foul Ball, location: 2F
3-1: Called Strike
3-2: DOUBLE (Groundball, 5L, EV 93.8 MPH)
Batting: SHB Joe Pritchard 0-0: Called Strike
0-1: Ball
1-1: Ground out U3 (Groundball, 13, EV 86.9 MPH)
José Mendoza to third
Batting: RHB Kurt Harvey 0-0: Ball
1-0: Foul Ball, location: 3SF
1-1: Fly out, F8 (Flyball, 8LD, EV 88.1 MPH)
Runner from 3rd tags up, SCORES, throw by CF
Batting: RHB Joe Gregory 0-0: Ball
1-0: Ground out 4-3 (Groundball, 4, EV 86.3 MPH)
Top of the 3rd over - 1 run, 1 hit, 0 errors, 0 left on base; Quad Cities 2 - Wisconsin 1
BOTTOM OF THE 3RD
Wisconsin Timber Rattlers batting - Pitching for Quad Cities River Bandits : RHP Dave Austin
Batting: LHB Pat Hicks 0-0: Called Strike
0-1: Ball
1-1: Foul Ball, location: 9LSF
1-2: Ball
2-2: Strikes out looking
Batting: RHB Joe Chandler 0-0: Ball
1-0: Swinging Strike
1-1: Swinging Strike
1-2: Strikes out swinging
Batting: SHB Dylan Miles 0-0: Ball
1-0: Called Strike
1-1: Ball
2-1: SINGLE (Groundball, 34S, EV 66.3 MPH) (infield hit)
Batting: RHB Albert Palácios 0-0: Fielders Choice at 2nd, 6-4 (Groundball, 6, EV 77.5 MPH)
Bottom of the 3rd over - 0 runs, 1 hit, 0 errors, 1 left on base; Quad Cities 2 - Wisconsin 1
TOP OF THE 4TH
Quad Cities River Bandits batting - Pitching for Wisconsin Timber Rattlers : RHP Al Martin
Batting: LHB Joe Barber 0-0: Fly out, F8 (Flyball, 8RM, EV 96.9 MPH)
Batting: RHB Cisco Gómez 0-0: Ball
1-0: Ball
2-0: Foul Ball, location: 9LMF
2-1: Foul Ball, location: 2F
2-2: SOLO HOME RUN (Flyball, 78XD, EV 110.0 MPH), Distance : 428 ft
Batting: RHB Jesús Correa 0-0: Ball
1-0: Called Strike
1-1: Ground out 6-3 (Groundball, 6M, EV 83.8 MPH)
Batting: RHB Raúl Van Eaton 0-0: Ball
1-0: Called Strike
1-1: Fly out, F8 (Flyball, 8RD, EV 110.6 MPH)
Top of the 4th over - 1 run, 1 hit, 0 errors, 0 left on base; Quad Cities 3 - Wisconsin 1
BOTTOM OF THE 4TH
Wisconsin Timber Rattlers batting - Pitching for Quad Cities River Bandits : RHP Dave Austin
Batting: RHB Steve Ferrell 0-0: Ball
1-0: Fly out, F7 (Flyball, 7, EV 91.3 MPH)
Batting: RHB Steve Ervin 0-0: Ball
1-0: Called Strike
1-1: Swinging Strike
1-2: Strikes out swinging
Batting: RHB Jedd Clayton 0-0: Swinging Strike
0-1: Ball
1-1: Foul Ball, location: 5DF
1-2: Foul Ball, location: 9LMF
1-2: Ball
2-2: Foul Ball, location: 2F
2-2: Ball
3-2: Strikes out looking
Bottom of the 4th over - 0 runs, 0 hits, 0 errors, 0 left on base; Quad Cities 3 - Wisconsin 1
TOP OF THE 5TH
Quad Cities River Bandits batting - Pitching for Wisconsin Timber Rattlers : RHP Al Martin
Batting: LHB Kevin Gray 0-0: Foul Ball, location: 7LDF
0-1: Foul Ball, location: 5DF
0-2: Foul Ball, location: 7LMF
0-2: Strikes out swinging
Batting: RHB José Mendoza 0-0: Swinging Strike
0-1: Called Strike
0-2: Ball
1-2: Ball
2-2: Ball
3-2: Ground out 6-3 (Groundball, 6S, EV 67.5 MPH)
Batting: SHB Joe Pritchard 0-0: Ball
1-0: Foul Ball, location: 23F
1-1: SINGLE (Line Drive, 6D, EV 96.9 MPH)
Batting: RHB Kurt Harvey 0-0: Ball
1-0: Swinging Strike
1-1: Called Strike
1-2: Ball
2-2: Ball
3-2: Foul Ball, location: 2F
3-2: Base on Balls
Joe Pritchard to second
Batting: RHB Joe Gregory 0-0: Ball
1-0: Called Strike
1-1: Fly out, F9 (Flyball, 9S, EV 88.8 MPH)
Top of the 5th over - 0 runs, 1 hit, 0 errors, 2 left on base; Quad Cities 3 - Wisconsin 1
BOTTOM OF THE 5TH
Wisconsin Timber Rattlers batting - Pitching for Quad Cities River Bandits : RHP Dave Austin
Batting: RHB Dani Montoya 0-0: Ball
1-0: Foul Ball, location: 2F
1-1: Called Strike
1-2: Foul Ball, location: 9LMF
1-2: Ball
2-2: Strikes out swinging
Batting: RHB Jeremy Taylor 0-0: Ball
1-0: Swinging Strike
1-1: Called Strike
1-2: Ball
2-2: Strikes out swinging
Batting: LHB Pat Hicks 0-0: Ball
1-0: Foul Ball, location: 3F
1-1: Fly out, F8 (Flyball, 8RXD, EV 105.6 MPH)
Bottom of the 5th over - 0 runs, 0 hits, 0 errors, 0 left on base; Quad Cities 3 - Wisconsin 1
TOP OF THE 6TH
Quad Cities River Bandits batting - Pitching for Wisconsin Timber Rattlers : RHP Al Martin
Batting: LHB Joe Barber 0-0: DOUBLE (Flyball, 8LXD, EV 94.4 MPH)
Batting: RHB Cisco Gómez 0-0: Ball
1-0: Ball
2-0: Ball
3-0: Base on Balls
Batting: RHB Jesús Correa 0-0: Ball
1-0: Ball
2-0: Swinging Strike
2-1: Called Strike
2-2: SINGLE (Line Drive, 6D, EV 95.6 MPH)
Joe Barber to third
Cisco Gómez to second
Runner from 3rd tries for Home, throw by CF and OUT! 8-2
Batting: RHB Raúl Van Eaton 0-0: Fly out, F7 (Flyball, 78M, EV 95.0 MPH)
Batting: LHB Kevin Gray 0-0: Fly out, F8 (Flyball, 8RD, EV 107.5 MPH)
Top of the 6th over - 0 runs, 2 hits, 0 errors, 2 left on base; Quad Cities 3 - Wisconsin 1
BOTTOM OF THE 6TH
Wisconsin Timber Rattlers batting - Pitching for Quad Cities River Bandits : RHP Dave Austin
Batting: RHB Joe Chandler 0-0: Ball
1-0: Swinging Strike
1-1: SINGLE (Groundball, P, EV 81.9 MPH) (infield hit)
Batting: SHB Dylan Miles 0-0: Fly out, F8 (Flyball, 8RD, EV 96.3 MPH)
Batting: RHB Albert Palácios 0-0: Ball
1-0: Called Strike
1-1: Grounds into double play, U4-3 (Groundball, 4M, EV 87.5 MPH)
Bottom of the 6th over - 0 runs, 1 hit, 0 errors, 0 left on base; Quad Cities 3 - Wisconsin 1
TOP OF THE 7TH
Quad Cities River Bandits batting - Pitching for Wisconsin Timber Rattlers : RHP Al Martin
Batting: RHB José Mendoza 0-0: Ball
1-0: Ball
2-0: Called Strike
2-1: Swinging Strike
2-2: Foul Ball, location: 2RF
2-2: Foul Ball, location: 2F
2-2: Fly out, F8 (Flyball, 89M, EV 99.4 MPH)
Pitching: RHP Jake Whitfield
Batting: SHB Joe Pritchard 0-0: Ball
1-0: Ball
2-0: Called Strike
2-1: Ball
3-1: Fly out, F7 (Line Drive, 7, EV 86.3 MPH)
Batting: RHB Kurt Harvey 0-0: Ball
1-0: Swinging Strike
1-1: Ball
2-1: Ground out 5-3 (Groundball, 56, EV 106.9 MPH)
Top of the 7th over - 0 runs, 0 hits, 0 errors, 0 left on base; Quad Cities 3 - Wisconsin 1
BOTTOM OF THE 7TH
Wisconsin Timber Rattlers batting - Pitching for Quad Cities River Bandits : RHP Dave Austin
Batting: RHB Steve Ferrell 0-0: Ball
1-0: Foul Ball, location: 3SF
1-1: DOUBLE (Line Drive, 9LS, EV 107.5 MPH)
Batting: RHB Steve Ervin 0-0: DOUBLE (Line Drive, 8RXD, EV 110.0 MPH)
Steve Ferrell scores
Pinch Hitting: LHB Juan García 0-0: Ball
1-0: Ball
2-0: Foul Ball, location: 2F
2-1: Ground out 4-3 (Groundball, 4S, EV 90.0 MPH)
Steve Ervin to third
Pinch Hitting: LHB Gene Park 0-0: Called Strike
0-1: Ball
1-1: Ball
2-1: Fly out, F3 (Line Drive, 3, EV 70.6 MPH)
Batting: RHB Jeremy Taylor 0-0: Called Strike
0-1: Ball
1-1: Foul Ball, location: 25F
1-2: Foul Ball, location: 23FF
1-2: SINGLE (Line Drive, 8LS, EV 85.6 MPH)
Steve Ervin scores
Batting: LHB Pat Hicks 0-0: Called Strike
0-1: Called Strike
0-2: Strikes out swinging
Bottom of the 7th over - 2 runs, 3 hits, 0 errors, 1 left on base; Quad Cities 3 - Wisconsin 3
TOP OF THE 8TH
Quad Cities River Bandits batting - Pitching for Wisconsin Timber Rattlers : RHP Jake Whitfield
Now at 2B: António Quintero
Now at 3B: Juan García
Pinch Hitting: LHB Ken Phillips 0-0: Fly out, F7 (Flyball, 78D, EV 98.1 MPH)
Pitching: LHP José Vallejo
Batting: LHB Joe Barber 0-0: SINGLE (Flyball, 8LS, EV 98.8 MPH)
Pitching: LHP Zai-shuo Won
Batting: RHB Cisco Gómez 0-0: Called Strike
0-1: Swinging Strike
0-2: Ball
1-2: Ball
2-2: Strikes out looking
Batting: RHB Jesús Correa 0-0: Ball
1-0: Foul Ball, location: 2F
1-1: Fly out, F7 (Flyball, 78XD, EV 108.8 MPH)
Top of the 8th over - 0 runs, 1 hit, 0 errors, 1 left on base; Quad Cities 3 - Wisconsin 3
BOTTOM OF THE 8TH
Wisconsin Timber Rattlers batting - Pitching for Quad Cities River Bandits : RHP Dave Austin
Pitching: RHP Edilberto Trocio
Now at 2B: Joe Pritchard
Now at SS: Jorge Moreno
Batting: RHB Joe Chandler 0-0: Foul Ball, location: 3FF
0-1: Ball
1-1: Swinging Strike
1-2: Foul Ball, location: 5DF
1-2: Foul Ball, location: 2F
1-2: Foul Ball, location: 2F
1-2: DOUBLE (Line Drive, 78D, EV 91.9 MPH)
Batting: SHB Dylan Miles 0-0: SINGLE (Line Drive, 34, EV 99.4 MPH)
Joe Chandler to third
Batting: RHB Albert Palácios 0-0: Fly out, F9 (Flyball, 9, EV 95.0 MPH)
Runner from 3rd tags up, SCORES, throw by RF
Batting: RHB Steve Ferrell 0-0: Called Strike
0-1: Called Strike
Dylan Miles is caught stealing 2nd base 2-4
0-2: Ball
1-2: Ball
2-2: Foul Ball, location: 25F
2-2: Ground out 2-3 (Groundball, 15S, EV 75.6 MPH)
Bottom of the 8th over - 1 run, 2 hits, 0 errors, 0 left on base; Quad Cities 3 - Wisconsin 4
TOP OF THE 9TH
Quad Cities River Bandits batting - Pitching for Wisconsin Timber Rattlers : LHP Zai-shuo Won
Pitching: LHP Ken Mullen
Batting: RHB Raúl Van Eaton 0-0: Called Strike
0-1: Swinging Strike
0-2: SINGLE (Groundball, 6MD, EV 106.3 MPH)
Pinch Hitting: LHB Bruno Howard 0-0: Called Strike
0-1: Foul Ball, location: 5SF
0-2: Strikes out looking
Batting: RHB José Mendoza 0-0: Foul Ball, location: 5FF
0-1: Ball
1-1: Foul Ball, location: 9LMF
1-2: Fly out, F8 (Flyball, 8RD, EV 99.4 MPH)
Batting: SHB Joe Pritchard 0-0: Called Strike
0-1: Ball
1-1: Called Strike
1-2: Ball
2-2: Strikes out swinging
Top of the 9th over - 0 runs, 1 hit, 0 errors, 1 left on base; Quad Cities 3 - Wisconsin 4
Monday, April 1st , 2024 - OOTP Baseball 24.10 Build 82